 Dungeon Crawl Stone Soup version 0.31.0-2-g5a2aebc5c2 (webtiles) character file.

Game seed: 11270750959384692500

123 bpung the Changeling (level 5, -5/39 HPs)
             Began as a Merfolk Shapeshifter on Jan 20, 2024.
             Killed from afar by an orc wizard (9 damage)
             ... with a magic dart
             ... on level 5 of the Dungeon.
             The game lasted 00:04:51 (1956 turns).

bpung the Changeling (Merfolk Shapeshifter)         Turns: 1956, Time: 00:04:52

Health: -5/39      AC:  3    Str: 15    XL:     5   Next: 7%
Magic:  5/5        EV: 13    Int: 17    God:
Gold:   124        SH:  0    Dex: 11    Spells: 4/4 levels left

rFire   . .          .
                       - Unarmed
rCold   . . .        (no shield)
rNeg    . . .        a - +1 animal skin
rPois   .            (helmet currently unavailable)
rElec   .            (cloak currently unavailable)
rCorr   .            (gloves currently unavailable)
SInv    .            (boots currently unavailable)
Will    .....        (no amulet)
Stlth   +            h - ring of flight
HPRegen 0.00/turn    (no ring)
MPRegen 0.09/turn

%: clarity
@: beast-form, flying, inhibited regen
A: beast (slay +3), (nimble swimmer 2), mertail, clarity, clever 2, inhibited
regeneration
a: Begin Untransformation


You were on level 5 of the Dungeon.
You were a hulking beast.
You visited 1 branch of the dungeon, and saw 4 of its levels.

You collected 124 gold pieces.

Inventory:

Missiles
 j - 2 atropa-tipped darts (quivered)
Armour
 a - a +1 animal skin (worn)
Jewellery
 h - a ring of flight (left hand)
Talismans
 c - a beast talisman
 d - a flux talisman
Wands
 m - a wand of flame (14)
Scrolls
 e - a scroll of torment {unknown}
 f - a scroll of enchant weapon
 g - a scroll of revelation {unknown}
Potions
 b - a potion of lignification
 i - a potion of invisibility
 k - a potion of mutation
 l - a potion of haste


   Skills:
 + Level 2.3 Fighting
 + Level 3.7 Dodging
 + Level 4.0 Unarmed Combat
 * Level 5.4 Shapeshifting


You had 4 spell levels left.
You didn't know any spells.
Your spell library contained the following spells:

 Spells                   Type           Power      Damage    Failure   Level
 Malign Gateway           Summ/Tloc      0%         N/A       100%        7
 Summon Horrible Things   Summ           0%         N/A       100%        8


Dungeon Overview and Level Annotations

Branches:
Dungeon (5/15)
 Temple: D:4-7

Altars:
Xom

Shops:
D:1 *   D:2 (


Innate Abilities, Weirdness & Mutations

You are a hulking beast.
Your limbs bulge with bestial killing power. (Slay +3)
((You are very nimble when in or above water. (Stealth+, EV+, Speed+++)))
Your lower body shifts to a powerful aquatic tail in water.
You possess an exceptional clarity of mind.
Your mind is very acute. (Int +8, Str/Dex -2)
You do not regenerate when monsters are visible.


Message History

A quokka comes into view.
The gnoll closely misses you.
Unknown command.
You barely miss the gnoll.
The gnoll is moderately wounded.
The gnoll hits you with a +0 spear.
* * * LOW HITPOINT WARNING * * *
You hit the gnoll.
The gnoll is severely wounded.
The gnoll barely misses you.
You hit the gnoll.
The gnoll is almost dead.
You hit the gnoll.
You kill the gnoll!
Your Unarmed Combat skill increases to level 4!
Aiming: Throw Flame
Press: ? - help, Shift-Dir - straight line, f - adder
Aim: an adder (48% to hit)
The puff of flame hits the adder!
The adder is severely wounded.
The adder misses you.
You hear a distant slurping noise.
Aiming: Throw Flame
Press: ? - help, Shift-Dir - straight line, f/p - adder
Aim: an adder (severely wounded, 48% to hit)
The puff of flame misses the adder.
The puff of flame hits the quokka.
The quokka is almost dead.
The adder misses you. The adder bites you but does no damage.
You hit the adder.
You kill the adder!
You have reached level 5!
You feel stronger.
You barely miss the quokka. You punch the quokka.
You kill the quokka!
You see here a scroll labelled PUICUOTZIA.
You hear some strange, mumbled words.
You feel momentarily confused.
A magic dart appears from out of thin air!
The magic dart hits you!
You die...

##.# . ...##
.# ...##.#
#......
#####+#.>...#
#........####
#........##<#
#......{..h.#
####g######.#
#?# #.# #o#
... #)# ###.
#g# .# #.# #
#.. #..


You could see a gnoll.

Vanquished Creatures
  An orc priest (D:5)
  A gnoll (D:5)
  3 adders
  2 dart slugs
  2 orcs (D:5)
  4 ball pythons
  5 endoplasms
  4 giant cockroaches
  7 goblins
  4 hobgoblins
  4 jackals (D:1)
  5 quokkas
  2 frilled lizards (D:2)
  A rat (D:1)
45 creatures vanquished.

Notes
Turn   | Place    | Note
-------+----------+-------------------------------------------
     0 | D:1      | bpung the Merfolk Shapeshifter began the quest for the Orb.
     0 | D:1      | Reached XP level 1. HP: 15/15 MP: 1/1
   163 | D:1      | Reached XP level 2. HP: 20/21 MP: 2/2
   271 | D:1      | Found Woco's Assorted Antiques.
   584 | D:1      | Reached XP level 3. HP: 23/26 MP: 3/3
   878 | D:2      | Gained mutation: You passively map a small area around you.
                  | [potion of mutation]
   878 | D:2      | Gained mutation: You have supernaturally acute eyesight.
                  | (SInv) [potion of mutation]
   878 | D:2      | Gained mutation: You are frail. (-10% HP) [potion of
                  | mutation]
   878 | D:2      | Gained mutation: Your mind is acute. (Int +4, Str/Dex -1)
                  | [potion of mutation]
   959 | D:2      | Found a shimmering altar of Xom.
   987 | D:2      | Found Irhu's Antique Weapon Boutique.
  1329 | D:2      | You are sucked into a shaft and drop 2 floors!
  1422 | D:4      | Lost mutation: You have supernaturally acute eyesight.
                  | (SInv) [potion of mutation]
  1422 | D:4      | Lost mutation: You are frail. (-10% HP) [potion of
                  | mutation]
  1422 | D:4      | Lost mutation: You passively map a small area around you.
                  | [potion of mutation]
  1422 | D:4      | Gained mutation: You do not regenerate when monsters are
                  | visible. [potion of mutation]
  1422 | D:4      | Gained mutation: You possess an exceptional clarity of
                  | mind. [potion of mutation]
  1422 | D:4      | Gained mutation: Your mind is very acute. (Int +8, Str/Dex
                  | -2) [potion of mutation]
  1463 | D:4      | Reached XP level 4. HP: 31/33 MP: 4/4
  1598 | D:4      | Reached skill level 5 in Shapeshifting
  1912 | D:5      | Entered Level 5 of the Dungeon
  1947 | D:5      | Reached XP level 5. HP: 4/39 MP: 5/5
  1956 | D:5      | Killed from afar by an orc wizard

Illustrated notes

Levels and vault maps discovered:
D:1:      roderic_crossed_star, layout_basic, serial_shops, shop,
          feat_on_display
D:2:      layout_basic, serial_shops, shop, basic_altar
D:4:      layout_rooms
D:5:      layout_basic, nzn_wu_jian_council_hall,
          minmay_temple_entry_butterflies, serial_shops,
          nicolae_shop_dealshenge, ebering_ghost_sewer_d, st_stairs_8,
          minmay_pentangle, uniq_prince_ribbit1, uniq_sigmund

Skill      XL: |  1  2  3  4 |
---------------+-------------+-----
Dodging        | 3 |  3.7
Fighting       | 2 |  2.3
Shapeshifting  | 5 |  5.4
Unarmed Combat | 4 |  4.0

Action                     |  1- 3 |  4- 6 || total
---------------------------+-------+-------++-------
  Melee: Unarmed           |    99 |    29 ||   128
         Punch             |     1 |     1 ||     2
  Evoke: Wand              |       |     2 ||     2
    Use: Scroll            |     5 |       ||     5
         Potion            |     3 |     1 ||     4
 Armour: Animal skin       |    37 |    18 ||    55
  Dodge: Dodged            |    53 |    10 ||    63
